 Dungeon Crawl Stone Soup version 0.28-a0-1415-g7c84da036a (webtiles) character file.

Game seed: 7918851380784097984

39 lonewolfV2 the Skirmisher (level 3, -2/43 HPs)
             Began as a Demonspawn Fighter on Jan 7, 2022.
             Slain by an adder (3 damage)
             ... on level 2 of the Dungeon.
             The game lasted 00:01:58 (1106 turns).

lonewolfV2 the Skirmisher (Demonspawn Fighter)      Turns: 1106, Time: 00:01:59

Health: -2/43      AC: 21    Str: 18    XL:     3   Next: 26%
Magic:  3/3        EV:  2    Int:  9    God:
Gold:   105        SH:  8    Dex: 12    Spells: 2/2 levels left

rFire   . . .      SeeInvis .   a - +0 trident
rCold   . . .      Faith    .   h - +0 kite shield
rNeg    . . .      Spirit   .   (armour currently unavailable)
rPois   +          Reflect  .   (helmet currently unavailable)
rElec   .          Harm     .   (cloak currently unavailable)
rCorr   .          Rampage  .   (gloves currently unavailable)
Will    .....      NoTele   +   (boots currently unavailable)
Stlth   +.........              (no amulet)
HPRegen 0.14/turn               (no ring)
MPRegen 0.08/turn               (no ring)

@: mighty, lethally poisoned (-2 -> -8), tree-form
A: stationary, stasis, torment immunity, boosted hp, demonic magic 1
a: no special abilities


You were on level 2 of the Dungeon.
You were a tree.
You visited 1 branch of the dungeon, and saw 2 of its levels.

You collected 105 gold pieces.

Inventory:

Hand Weapons
 a - a +0 trident (weapon)
Armour
 b - a +0 scale mail (melded)
 h - a +0 kite shield (worn)
Scrolls
 g - a scroll of fear {unknown}


   Skills:
 + Level 3.2 Fighting
 + Level 2.6 Polearms
 + Level 3.1 Armour
 + Level 2.8 Shields


You had 2 spell levels left.
You didn't know any spells.
Your spell library was empty.

Dungeon Overview and Level Annotations

Branches:
Dungeon (2/15)

Altars:


Innate Abilities, Weirdness & Mutations

You are a tree.
Your roots penetrate the ground, keeping you stationary.
You cannot be teleported.
You are immune to unholy pain and torment.
Your maximum health is greatly increased.
Your equipment is partially melded.
Spells you cast may paralyse adjacent enemies.


Message History

The adder closely misses you.
The adder bites you but does no damage. x2
The adder bites you. The adder bites you.
You completely miss the adder. You block the adder's attack.
The adder bites you.
You hit the adder.
The adder is moderately wounded.
You block the adder's attack. The adder bites you but does no damage.
You hit the adder but do no damage.
The adder is moderately wounded.
You block the adder's attack.
You hit the adder.
The adder is heavily wounded.
The adder bites you.
You are poisoned.
The adder poisons you! The adder bites you.
You are more poisoned.
The adder poisons you!
You barely miss the adder.
The adder is heavily wounded.
You feel very sick. The adder bites you.
* * * LOW HITPOINT WARNING * * *
You are more poisoned.
The adder poisons you! The adder barely misses you.
It was a potion of lignification.
You turn into a tree.
Your +0 scale mail melds into your body.
Your roots penetrate the ground.
* * * LOW HITPOINT WARNING * * *
You feel very sick. The adder bites you but does no damage.
It was a potion of flight.
Your roots keep you in place.
* * * LOW HITPOINT WARNING * * *
You feel sick. The adder bites you.
* * * LOW HITPOINT WARNING * * *
You feel very mighty all of a sudden.
* * * LOW HITPOINT WARNING * * *
You feel sick. The adder bites you.
You die...

#............#.#
##......##
##.###.#.....#
##.##.##
#.#...### #.##.#
#.###.#####
#.##.#
#........#
#..#.#
##..####.#
##.#.# ##.. #.#
#.#.#
#...####.##
#.#..
#......)♣.#
#<###
##.#####S.# #.#
#..# #.# .....
#.# #...... #.#
......... ..#
#......... ...
##.....#.# ###


You could see an adder.

Vanquished Creatures
  A worm (D:2)
  2 ball pythons
  A bat (D:1)
  3 endoplasms (D:1)
  5 giant cockroaches
  5 hobgoblins (D:1)
  A quokka (D:1)
  A frilled lizard (D:1)
  3 goblins
  A kobold (D:1)
  10 rats
33 creatures vanquished.

Notes
Turn   | Place    | Note
-------+----------+-------------------------------------------
     0 | D:1      | lonewolfV2 the Demonspawn Fighter began the quest for the
                  | Orb.
     0 | D:1      | Reached XP level 1. HP: 18/18 MP: 1/1
   208 | D:1      | Gained mutation: Spells you cast may paralyse adjacent
                  | enemies. [demonic ancestry]
   208 | D:1      | Reached XP level 2. HP: 23/24 MP: 2/2
   793 | D:2      | Reached XP level 3. HP: 29/29 MP: 3/3
  1106 | D:2      | HP: 1/43 [poisoned by an adder]
  1106 | D:2      | Slain by an adder

Illustrated notes

Levels and vault maps discovered:
D:1:      minmay_arrival_checkered_box, layout_rooms, grunt_decor_cap,
          minmay_rat_gold_closets
D:2:      layout_loops_ring, nicolae_ecumenical_oubliette, minmay_tetromino_t2

Skill      XL: |  1  2 |
---------------+-------+-----
Polearms       | 2 |  2.6
Armour         | 3 |  3.1
Fighting       | |  3.2
Shields        | |  2.8

Action                   || total
-------------------------++-------
Melee: Trident           ||    99
  Use: Potion            ||     3
Armor: Scale mail        ||    48
       Skin              ||     1
Dodge: Dodged            ||    30
Block: Buckler           ||    15
       Kite shield       ||    17

Table legend: (Time is in decaauts)
 A = Elapsed time spent in this place.
 B = Non-inter-level travel time spent in this place.
 C = Inter-level travel time spent in this place.
 D = Time resting spent in this place.
 E = Time spent auto-exploring this place.
 F = Levels seen in this place.
 G = Mean time per level.
                   A        B        C        D        E       F      G
               +--------+--------+--------+--------+--------+-----+--------+
         Total |   1130 |   1107 |     23 |      0 |    796 |   2 |  565.0 |
       Dungeon |   1130 |   1107 |     23 |      0 |    796 |   2 |  565.0 |
               +--------+--------+--------+--------+--------+-----+--------+

Top non-repeatable levels by time:
     D:1: 784 daAuts
     D:2: 346 daAuts
